cohdb
Replays
Latest Replays
All Replays
Popular Replays
Top Player Replays
Match Explorer
How It Works
Community
CoH3 Stats
Reddit
Sign in to upload your games and track your stats! →
Sign in with Steam
Match 46476706
Unlisted
Match 46476706
Overview
Messages
Build Orders
End
Pioneer Squad
Construct Infanterie Kompanie
MG 42 Machine Gun Team
MG 42 Machine Gun Team
Selects Terror Battlegroup
Selects Machine Gun Camouflage
GrW 34 Mortar Team
Grenadier Squad
Construct Panzergrenadier Kompanie
Panzergrenadier Squad
Panzergrenadier Squad
Pak 40 Anti-tank Gun Team
Medical Station
Pak 40 Anti-tank Gun Team
Panzergrenadier Squad
Dr.evilooo
Pflümlischnapps
Esxile
derank c[o]mpany
0
0
Comments
sign in to comment!
No comments posted yet!